 Dungeon Crawl Stone Soup version 0.29-b1-12-g9e2288ab2a (webtiles) character file.

Game seed: 12023492263867000664

517 Zeldest the Ruffian (level 7, -2/67 HPs)
             Began as a Troll Earth Elementalist on Aug 23, 2022.
             Slain by a black bear (6 damage)
             ... on level 5 of the Dungeon.
             The game lasted 00:07:02 (1367 turns).

Zeldest the Ruffian (Troll Earth Elementalist)      Turns: 1367, Time: 00:07:02

Health: -2/67      AC:  4    Str: 17    XL:     7   Next: 0%
Magic:  7/7        EV:  9    Int: 13    God:
Gold:   148        SH:  5    Dex: 10    Spells: 7/8 levels left

rFire   . . .      SeeInvis .     - Unarmed
rCold   . . .      Faith    .   (no shield)
rNeg    . . .      Spirit   .   a - +0 robe
rPois   .          Reflect  +   (helmet restricted)
rElec   .          Harm     .   (no cloak)
rCorr   .          Rampage  .   (gloves unavailable)
Will    .....                   (boots unavailable)
Stlth   +.........              i - amulet of reflection
HPRegen 1.01/turn               (no ring)
MPRegen 0.10/turn               (no ring)

@: lethally poisoned (-2 -> -2), invisible
A: large, unfitting armour, claws 3, regeneration 1, shaggy fur 1, tough skin 1
a: no special abilities


You were on level 5 of the Dungeon.
You visited 2 branches of the dungeon, and saw 6 of its levels.

You collected 148 gold pieces.

Inventory:

Armour
 a - a +0 robe (worn)
Jewellery
 c - a ring of ice
 i - an amulet of reflection (around neck)
Wands
 j - a wand of flame (20)
Scrolls
 e - a scroll of enchant armour
 h - a scroll of poison {unknown}
Potions
 b - a potion of magic
 d - a potion of attraction
 f - a potion of might {unknown}
 g - a potion of invisibility


   Skills:
 * Level 3.5 Fighting
 - Level 1.5 Dodging
 - Level 1.0 Stealth
 * Level 4.4 Unarmed Combat
 - Level 1.2 Spellcasting
 + Level 2.3 Transmutations
 + Level 0.6 Air Magic
 - Level 2.6 Earth Magic


You had 7 spell levels left.
You knew the following spells:

 Your Spells              Type           Power      Damage    Failure   Level
a - Sandblast             Erth           14%        2d6       9%          1

Your spell library contained the following spells:

 Spells                   Type           Power      Damage    Failure   Level
 Passwall                 Tmut/Erth      5%         N/A       16%         2
 Wereblood                Tmut           6%         N/A       16%         2
 Apportation              Tloc           0%         N/A       28%         1
 Magic Dart               Conj           0%         1d3       28%         1
 Call Imp                 Summ           0%         N/A       38%         2
 Stone Arrow              Conj/Erth      8%         3d7       43%         3
 Mephitic Cloud           Conj/Pois/Air  1%         N/A       58%         3
 Petrify                  Tmut/Erth      7%         N/A       69%         4
 Alistair's Intoxication  Tmut/Pois      2%         N/A       99%         5
 Irradiate                Conj/Tmut      1%         3d12      99%         5
 Storm Form               Tmut/Air       2%         N/A       100%        7


Dungeon Overview and Level Annotations

Branches:
Dungeon (5/15)             Temple (1/1) D:5

Altars:
Dithmenos
Elyvilon
Gozag
Hepliaklqana
Makhleb
Nemelex Xobeh
Qazlal
Sif Muna
Vehumet
Xom
Zin
The Shining One

Annotations:
D:3 Sigmund


Innate Abilities, Weirdness & Mutations

You are too large for most types of armour.
You have claws for hands.
Your natural rate of healing is unusually fast.
You are covered in fur. (AC +1)
You have tough skin. (AC +1)


Message History

The black bear is lightly wounded.
You feel very sick.
You barely miss the quokka.
You feel very sick. You block the quokka's attack.
You claw the quokka!
You kill the quokka!
You feel very sick.
You scratch the black bear.
The black bear is heavily wounded.
You feel sick.
The black bear bites you but does no damage.
The black bear barely misses you. x2
You scratch the black bear but do no damage.
The black bear is heavily wounded.
You feel sick. The black bear barely misses you.
The black bear claws you but does no damage.
The black bear barely misses you.
You completely miss the black bear. Your claw misses the black bear.
The black bear is moderately wounded.
You feel sick. The black bear bites you. The black bear claws you.
* * * LOW HITPOINT WARNING * * *
The black bear claws you.
* * * LOW HITPOINT WARNING * * *
You barely miss the black bear.
The black bear is moderately wounded.
You feel sick.
The black bear bites you but does no damage.
You block the black bear's attack. The black bear claws you.
* * * LOW HITPOINT WARNING * * *
You claw the black bear!
The black bear is severely wounded.
You feel sick.
The black bear goes berserk!
You scratch the black bear but do no damage.
The black bear is severely wounded.
You feel sick. The black bear bites you!
* * * LOW HITPOINT WARNING * * *
The black bear claws you but does no damage.
The black bear claws you.
You die...

.# ..# ..# #..
. ##.. .. ###..
##... #...#
#...#
#..h###..#
#..@†...#
##.....##
##...### #....#
##...## #
#....## #
######.....# #
###.>>###....##
#
#.....##......#


You could see a black bear (berserk, unable to see you).

Vanquished Creatures
  A water moccasin (D:5)
  A phantom (D:5)
  A scorpion (D:5)
  A howler monkey (D:4)
  A gnoll bouda (Temple)
  A jelly (D:4)
  Jessica (D:3)
  An iguana (D:4)
  5 gnolls
  5 adders
  A worm (D:2)
  A dart slug (D:3)
  2 orcs
  3 endoplasms
  3 hobgoblins
  3 kobolds
  3 quokkas
  3 ball pythons
  2 bats
  A frilled lizard (D:2)
  3 rats (D:1)
43 creatures vanquished.

Vanquished Creatures (others)
  A plant (D:3)
  7 withered plants (D:3)
8 creatures vanquished.

Grand Total: 51 creatures vanquished

Notes
Turn   | Place    | Note
-------+----------+-------------------------------------------
     0 | D:1      | Zeldest the Troll Earth Elementalist began the quest for
                  | the Orb.
     0 | D:1      | Reached XP level 1. HP: 16/16 MP: 1/1
   120 | D:2      | Reached skill level 1 in Unarmed Combat
   120 | D:2      | Reached XP level 2. HP: 17/26 MP: 2/2
   192 | D:3      | Reached skill level 1 in Fighting
   192 | D:3      | Reached skill level 1 in Transmutations
   231 | D:2      | Found a glowing golden altar of the Shining One.
   379 | D:3      | Noticed Jessica
   386 | D:3      | Reached XP level 3. HP: 24/33 MP: 1/3
   388 | D:3      | Killed Jessica
   389 | D:3      | Reached skill level 2 in Unarmed Combat
   428 | D:3      | Noticed Sigmund
   502 | D:4      | Reached XP level 4. HP: 26/42 MP: 4/4
   791 | D:4      | Found a shadowy altar of Dithmenos.
   812 | D:5      | Entered Level 5 of the Dungeon
   825 | D:5      | Found a staircase to the Ecumenical Temple.
   837 | D:4      | Reached XP level 5. HP: 33/49 MP: 5/5
   850 | D:4      | Reached skill level 3 in Unarmed Combat
  1058 | D:5      | Noticed a phantom
  1065 | D:5      | Killed a phantom
  1066 | D:5      | Reached XP level 6. HP: 53/59 MP: 6/6
  1087 | D:5      | Got the Atlas of the Frog
  1090 | Temple   | Entered the Ecumenical Temple
  1310 | D:5      | Reached skill level 4 in Unarmed Combat
  1345 | D:5      | Noticed a water moccasin
  1357 | D:5      | Killed a water moccasin
  1358 | D:5      | Reached XP level 7. HP: 45/67 MP: 7/7
  1367 | D:5      | Slain by a black bear

Illustrated notes

Levels and vault maps discovered:
D:1:      amcnicky_arrival_abandoned_market, layout_basic,
          dreamdust_ecumenical_altar_statues
D:2:      layout_loops_cross, basic_altar
D:3:      layout_basic, grunt_temple_overflow_growth_and_decay, serial_shops,
          nicolae_shop_trees, uniq_ijyb, uniq_jessica, uniq_sigmund
D:4:      layout_gridville, overflow_temple_1_default, st_stairs_14
D:5:      layout_layer_cave, minmay_temple_entry_offerings, minmay_starry_boxes
Temple:   jpeg_temple_alley_garden

Skill      XL: |  1  2  3  4  5  6 |
---------------+-------------------+-----
Unarmed Combat | 1 2 3 4 |  4.4
Fighting       | 1 2 3 |  3.5
Transmutations | 1 2 |  2.3
Dodging        | |  1.5
Stealth        | |  1.0
Spellcasting   | |  1.2
Air Magic      | |  0.6
Earth Magic    | |  2.6

Action                   |  1- 3 |  4- 6 |  7- 9 || total
-------------------------+-------+-------+-------++-------
Melee: Unarmed           |    70 |    98 |     9 ||   177
       Punch             |     1 |     3 |       ||     4
 Cast: Sandblast         |     1 |       |       ||     1
  Use: Potion            |     5 |       |     1 ||     6
       Scroll            |     2 |     2 |       ||     4
 Stab: Invisible         |       |       |     1 ||     1
Armor: Robe              |    35 |    14 |     4 ||    53
Dodge: Dodged            |    43 |    32 |     4 ||    79
Block: Other             |       |    12 |     2 ||    14
